Map: Year Zero LE

Players

liquidthermy (uThermal) - Winner!

  • Race: Terran Terran
  • Spawn Location: 11:00

goblin

  • Race: Protoss Protoss
  • League: Master
  • Spawn Location: 1:00

Event: 2019 WCS Winter Europe

VOD

Have the link to the VOD?

Description

Time

  • Played on: Jan. 31, 2019, 10:02 a.m.
  • Length: 24:57

All games in this series

Show
View Real Time Build Order
Export as new Build Order

liquidthermy Terran - Winner!

Build Orders: Reaper Expand 

Get SALT Encoding   

  12  0:01  SCV  
  13  0:13  SCV  
  14  0:17  Supply Depot  
  14  0:25  SCV  
  15  0:39  SCV  
  15  0:41  Barracks  
  16  0:45  Refinery  
  16  0:51  SCV  
  17  1:03  SCV  
  18  1:15  SCV  
  19  1:28  Reaper, Orbital Command  
  20  1:42  Command Center  
  20  1:50  Supply Depot  
  21  1:54  SCV  
  21  2:00  Marine  
  22  2:06  SCV  
  23  2:09  Factory  
  23  2:14  Refinery  
  23  2:18  SCV  
  23  2:21  Barracks Reactor  
  24  2:30  SCV  
  25  2:42  SCV  
  26  2:54  SCV  
  26  2:56  Starport, Orbital Command  
  26  2:57  Widow Mine  
  26  2:58  Marine x2  
  30  3:06  SCV  
  31  3:14  Orbital Command  
  31  3:16  Marine x2  
  31  3:18  Widow Mine  
  31  3:19  SCV  
  36  3:31  SCV  
  36  3:32  Viking  
  36  3:33  Marine  
  36  3:34  Marine  
  40  3:36  Supply Depot  
  41  3:42  Factory Tech Lab  
  41  3:43  SCV x2  
  43  3:51  Marine x2  
  43  3:55  SCV  
  46  3:58  SCV  
  46  4:00  Supply Depot  
  47  4:04  Starport Reactor  
  47  4:07  SCV  
  47  4:08  Barracks  
  48  4:10  SCV, Factory Tech Lab  
  48  4:16  Barracks  
  49  4:21  Marine  
  49  4:22  SCV, Stimpack  
  50  4:25  SCV  
  50  4:29  Siege Tank  
  54  4:34  SCV  
  54  4:37  SCV, Supply Depot  
  56  4:41  Engineering Bay  
  56  4:44  Refinery  
  56  4:46  SCV  
  56  4:49  SCV  
  56  4:50  Marine  
  56  4:51  Starport Reactor, Supply Depot  
  59  4:58  SCV  
  60  5:02  SCV, Marine x2  
  60  5:03  Siege Tank, Marine  
  66  5:11  Terran Infantry Weapons Level 1, SCV  
  66  5:12  Marine  
  68  5:18  SCV, Marine  
  68  5:19  Supply Depot  
  68  5:20  Missile Turret  
  70  5:22  Missile Turret  
  70  5:23  Marine  
  70  5:24  Marine  
  70  5:27  Marine  
  73  5:29  Medivac  
  73  5:31  Medivac  
  76  5:36  Supply Depot  
  76  5:38  Marine  
  76  5:42  SCV x2  
  79  5:43  Refinery  
  79  5:47  Siege Tank  
  79  5:48  Marine  
  79  5:49  Marine  
  84  5:50  Marine  
  84  5:54  SCV  
  84  5:56  Marine x2  
  85  6:01  Supply Depot  
  85  6:05  Medivac  
  85  6:06  Marine  
  85  6:07  SCV, Marine  
  85  6:08  Marine  
  91  6:17  SCV, Supply Depot, Marine  
  92  6:20  Marine  
  93  6:25  Combat Shield  
  93  6:26  Supply Depot  
  93  6:27  Marine  
  93  6:29  Siege Tank, Marine  
  98  6:33  SCV, Marine  
  100  6:43  Marine  
  100  6:44  Marine  
  102  6:51  Missile Turret  
  102  6:54  Marine  
  103  6:55  Bunker  
  103  6:57  Supply Depot  
  103  6:58  SCV, Marine  
  98  7:14  Medivac, Siege Tank, Marine x2  
  98  7:15  Marine  
  87  7:18  Marine  
  87  7:19  Medivac  
  87  7:21  Terran Infantry Armor Level 1, Marine  
  91  7:32  Marine x2  
  91  7:36  Marine  
  94  7:41  SCV, Marine  
  94  7:42  Marine  
  94  7:43  Command Center  
  97  7:47  Siege Tank  
  97  7:48  SCV  
  97  7:49  Medivac  
  103  7:52  Medivac  
  103  7:55  SCV  
  106  8:05  SCV, Marine, Barracks  
  106  8:07  Marine  
  106  8:09  Barracks  
  106  8:10  Marine x2  
  106  8:12  SCV  
  112  8:16  Supply Depot  
  112  8:18  SCV  
  113  8:25  Marine x2  
  115  8:33  Siege Tank  
  118  8:37  Supply Depot  
  118  8:38  SCV, Supply Depot, Marine x3  
  122  8:44  Marine  
  119  8:52  Factory  
  119  8:53  SCV  
  119  8:54  Marine  
  105  8:56  Orbital Command  
  105  8:57  SCV  
  106  9:07  Siege Tank, Marine  
  106  9:09  Marine  
  110  9:12  Medivac  
  112  9:18  Sensor Tower  
  112  9:19  SCV  
  112  9:20  Marine  
  112  9:22  Marine  
  114  9:25  Barracks Tech Lab  
  114  9:26  Barracks Reactor  
  114  9:30  Marine  
  114  9:31  Missile Turret  
  115  9:37  SCV  
  115  9:38  Marine  
  115  9:39  Marine  
  115  9:40  Marine  
  115  9:41  Barracks Reactor  
  117  9:46  Siege Tank x2  
  117  9:48  SCV, Marine  
  125  9:55  Marine  
  125  9:57  Marine  
  127  10:00  Medivac x2  
  127  10:03  SCV, Marine x2  
  127  10:04  Missile Turret, Marine  
  135  10:11  Armory, Marine  
  135  10:14  Engineering Bay, Marine  
  136  10:16  Marine  
  136  10:19  Marine  
  124  10:29  Marine  
  124  10:30  Marine  
  124  10:32  Siege Tank x2  
  124  10:35  Bunker, Marine  
  127  10:36  Marine  
  127  10:37  Bunker  
  127  10:38  Marine  
  127  10:40  Bunker  
  127  10:41  Medivac  
  127  10:47  Missile Turret  
  127  10:51  Missile Turret  
  127  10:52  Marine x3  
  130  10:58  SCV  
  130  10:59  Medivac  
  130  11:01  Marine x2  
  126  11:04  Siege Tank  
  127  11:11  Terran Infantry Weapons Level 2  
  127  11:14  Terran Infantry Armor Level 2  
  127  11:16  Marine x2  
  127  11:17  Marine x2  
  131  11:28  Siege Tank, Marine  
  131  11:32  Missile Turret, Marine  
  135  11:38  Marine x3  
  135  11:39  Medivac, Marine  
  140  11:41  Marine  
  140  11:46  Supply Depot  
  140  11:47  Supply Depot, Terran Vehicle Weapons Level 1  
  138  11:49  Marine x3  
  138  11:50  Marine  
  142  11:56  Marine  
  142  11:58  SCV x2  
  142  12:01  Refinery  
  145  12:02  Marine x2  
  145  12:03  Marine  
  145  12:05  Siege Tank  
  151  12:12  SCV, Marine  
  151  12:13  Marine  
  154  12:19  Supply Depot  
  154  12:24  Siege Tank  
  154  12:27  Marine  
  154  12:28  Supply Depot  
  158  12:32  Marine x2  
  160  12:39  Thor  
  160  12:41  Missile Turret  
  160  12:42  Marine  
  160  12:43  Marine  
  168  12:44  Missile Turret  
  168  12:51  Marine  
  166  12:54  Marine x2  
  166  12:55  SCV  
  166  12:56  Siege Tank  
  166  12:58  Marine  
  167  13:13  Marine  
  167  13:14  Supply Depot  
  167  13:17  Medivac  
  170  13:20  Medivac  
  170  13:22  Thor, Marine  
  170  13:26  Supply Depot  
  179  13:29  Marine x2  
  180  13:36  Marine  
  180  13:40  Siege Tank  
  184  13:42  Marine x2  
  184  13:46  Terran Vehicle Weapons Level 2  
  186  14:06  Marine  
  186  14:08  Thor  
  186  14:09  Marine  
  194  14:17  Marine  
  194  14:18  Supply Depot, Marine  
  194  14:21  Marine  
  197  14:36  Command Center  
  197  14:40  Marine x2  
  199  15:00  Terran Infantry Armor Level 3, Marine, Terran Infantry Weapons Level 3  
  200  15:09  Refinery  
  200  15:19  Marine  
  161  16:06  Medivac  
  161  16:07  Marine  
  161  16:08  Marine x3  
  161  16:10  Siege Tank  
  161  16:11  Siege Tank, Marine x3  
  132  16:12  Marine  
  132  16:14  SCV, Marine  
  132  16:17  Terran Vehicle Weapons Level 3  
  139  16:18  SCV  
  139  16:20  SCV  
  139  16:25  Marine x2  
  141  16:26  Marine x2  
  141  16:28  Refinery  
  141  16:29  SCV, Marine x2  
  141  16:31  SCV  
  141  16:32  Factory  
  148  16:33  Refinery  
  148  16:37  SCV, Marine  
  150  16:40  Command Center  
  150  16:42  Missile Turret, Siege Tank  
  150  16:45  SCV  
  154  16:50  Marine x2  
  149  16:55  Planetary Fortress, SCV x2  
  149  16:57  SCV, Marine  
  149  16:58  Marine  
  152  17:07  SCV x2  
  154  17:08  Siege Tank  
  154  17:09  Marine  
  154  17:10  Marine  
  154  17:11  Marine  
  159  17:19  Siege Tank  
  162  17:24  SCV, Marine  
  162  17:26  SCV  
  162  17:27  SCV  
  162  17:29  Marine  
  167  17:36  SCV  
  168  17:39  SCV x2, Thor  
  168  17:42  Neosteel Armor  
  168  17:43  Siege Tank  
  173  17:45  Marine  
  173  17:47  Marine  
  173  17:48  Marine  
  173  17:50  Marine  
  177  17:55  Marine  
  177  17:57  Siege Tank  
  174  18:00  Siege Tank, Marine  
  174  18:04  Marine x2  
  177  18:11  Marine x3  
  180  18:13  Medivac  
  180  18:14  Medivac  
  184  18:22  Marine x2  
  184  18:24  Siege Tank  
  184  18:26  Marine  
  190  18:28  Marine  
  190  18:29  Siege Tank  
  190  18:32  Marine  
  190  18:33  Marine x2  
  197  18:35  SCV x2  
  197  18:37  SCV  
  200  18:45  Marine x2  
  199  18:48  Marine  
  199  18:54  Missile Turret  
  200  18:59  Planetary Fortress  
  200  19:06  SCV, Marine  
  200  19:23  Refinery x2  
  200  19:36  Marine  
  198  19:58  Marine  
  198  19:59  Marine x2  
  200  20:37  Marine  
  198  20:57  Marine x2  
  197  21:11  Marine x3  
  194  21:24  Thor  
  200  21:29  Command Center  
  196  21:34  Marine x2  
  196  21:35  Marine  
  196  21:38  Marine  
  199  21:43  Marine x2  
  199  21:44  Marine  
  198  21:48  Marine  
  198  21:50  Factory x2  
  198  21:51  Factory  
  198  21:54  Marine x2  
  198  21:58  Marine  
  198  21:59  Marine  
  200  22:31  Command Center  
  200  22:39  Marine x2  
  200  22:40  Marine x4  
  198  22:44  Marine  
  198  22:48  Factory Tech Lab x3  
  198  22:49  Marine  
  200  22:58  Marine  
  192  23:08  Marine x2  
  194  23:13  Medivac, Marine x4  
  200  23:24  Marine  
  194  23:29  Thor  
  194  23:30  Marine  
  198  23:49  Medivac  
  198  23:55  Medivac, Marine x3  
  142  23:57  Siege Tank, Marine x4  
  142  23:58  Thor, Marine x2  
  124  24:03  Thor x3  
  124  24:05  Planetary Fortress  
  124  24:07  SCV x2  
  124  24:09  SCV x2  
  139  24:13  Marine x3  
  139  24:14  Thor, Marine x2  
  139  24:15  Marine x3  
  153  24:17  Marine  
  153  24:19  SCV  
  153  24:23  SCV  
  156  24:31  Marine x3  
  153  24:32  Marine x2  
  153  24:33  Marine x3  
  153  24:35  Marine  
Show
View Real Time Build Order
Export as new Build Order

goblin Protoss 

Build Orders: 1 Gate Expand, Phoenix Opening, Mass Phoenix, Colossus Rush 

Get SALT Encoding   

  12  0:00  Probe  
  13  0:13  Probe  
  14  0:19  Pylon  
  14  0:25  Probe  
  15  0:33  Probe  
  15  0:39  Gateway  
  15  0:41  Probe  
  16  0:48  Assimilator  
  17  0:55  Probe  
  18  1:07  Probe  
  19  1:19  Probe  
  20  1:26  Cybernetics Core  
  20  1:37  Nexus  
  20  1:46  Pylon  
  20  1:47  Probe  
  21  1:54  Assimilator, Adept  
  21  1:57  Probe  
  22  2:05  Probe  
  23  2:13  Probe  
  25  2:23  Stargate  
  25  2:25  Probe  
  26  2:30  Stalker  
  28  2:37  Probe  
  28  2:41  Warp Gate  
  29  2:48  Probe  
  29  2:50  Probe  
  31  2:56  Probe  
  31  3:00  Phoenix, Stalker  
  31  3:02  Probe  
  31  3:04  Probe  
  38  3:14  Probe  
  38  3:16  Probe  
  38  3:18  Pylon  
  40  3:26  Probe  
  41  3:28  Phoenix  
  41  3:29  Probe  
  44  3:38  Assimilator  
  44  3:40  Probe  
  45  3:41  Assimilator, Probe  
  46  3:52  Probe  
  46  3:53  Phoenix  
  46  3:55  Probe  
  50  3:57  Pylon  
  50  4:04  Probe  
  50  4:07  Probe  
  52  4:13  Robotics Facility  
  52  4:16  Phoenix  
  52  4:21  Probe x2  
  56  4:28  Gateway  
  56  4:30  Gateway  
  56  4:34  Probe x2  
  56  4:37  Phoenix  
  58  4:39  Pylon  
  60  4:50  Pylon  
  60  4:53  Observer  
  60  5:00  Phoenix, Robotics Bay  
  60  5:04  Sentry  
  65  5:10  Immortal  
  63  5:16  Phoenix  
  63  5:18  Probe  
  63  5:19  Probe  
  69  5:25  Pylon  
  71  5:32  Colossus  
  71  5:35  Adept  
  71  5:37  Zealot, Adept  
  77  5:46  Pylon  
  83  5:54  Phoenix  
  85  6:02  Forge  
  85  6:05  Extended Thermal Lance  
  85  6:07  Pylon  
  85  6:11  Observer  
  85  6:20  Phoenix  
  85  6:23  Adept x3  
  93  6:26  Pylon  
  93  6:27  Pylon  
  93  6:31  Colossus  
  99  6:48  Adept x3  
  104  7:06  Phoenix  
  90  7:16  Adept  
  90  7:17  Adept  
  84  7:22  Colossus, Zealot  
  84  7:26  Phoenix  
  84  7:27  Gateway  
  84  7:28  Gateway  
  84  7:29  Gateway  
  94  7:38  Protoss Ground Weapons Level 1  
  94  7:41  Probe x2  
  96  7:48  Phoenix  
  98  8:04  Nexus  
  98  8:05  Pylon  
  98  8:06  Phoenix  
  98  8:15  Stalker, Adept x2  
  98  8:17  Observer  
  107  8:31  Phoenix  
  109  8:42  Stargate  
  101  8:56  Adept x3  
  101  8:57  Zealot x3  
  112  9:09  Phoenix  
  114  9:11  Warp Prism  
  116  9:30  Phoenix  
  118  9:35  Pylon  
  118  9:37  Pylon  
  118  9:40  Pylon  
  116  9:48  Observer  
  116  9:57  Adept x4  
  116  9:58  Adept x2  
  126  10:00  Phoenix x2, Twilight Council  
  130  10:15  Pylon  
  130  10:22  Phoenix  
  130  10:23  Charge  
  130  10:24  Phoenix  
  124  10:43  Phoenix  
  124  10:48  Zealot x4  
  134  10:55  Phoenix  
  136  11:04  Nexus  
  136  11:06  Pylon  
  136  11:15  Fleet Beacon  
  136  11:33  Adept x4  
  144  11:47  Zealot x2  
  148  12:00  Observer  
  149  12:08  Probe  
  149  12:10  Pylon  
  150  12:21  Protoss Ground Armor Level 1  
  150  12:23  Probe x2  
  150  12:24  Assimilator  
  150  12:25  Observer  
  150  12:26  Assimilator  
  150  12:28  Pylon  
  153  12:31  Zealot x2  
  157  12:47  Anion Pulse-Crystals  
  157  12:49  Observer, Protoss Air Weapons Level 1  
  155  12:59  Zealot x5  
  155  13:01  Phoenix  
  167  13:13  Phoenix  
  167  13:17  Probe x2  
  167  13:18  Probe  
  172  13:22  Templar Archives  
  172  13:26  Phoenix  
  174  13:33  Colossus  
  180  13:37  Probe  
  181  13:54  Pylon  
  181  13:56  Pylon  
  181  13:58  Psionic Storm  
  181  14:16  Observer  
  181  14:17  High Templar  
  181  14:18  Zealot x2, High Templar x3  
  189  14:37  Observer  
  188  14:39  Protoss Ground Armor Level 2  
  188  14:49  High Templar x2  
  188  14:52  Pylon  
  192  14:53  Pylon  
  192  14:59  Gateway  
  192  15:01  Gateway  
  192  15:20  Zealot x4  
  192  15:37  High Templar x2  
  192  15:42  Archon  
  190  15:46  Zealot  
  190  15:47  Zealot x3  
  198  16:04  Immortal  
  146  16:10  Zealot x7  
  146  16:11  Zealot  
  118  16:18  Protoss Ground Weapons Level 2  
  122  16:31  High Templar  
  122  16:32  High Templar x3  
  130  16:34  Immortal  
  130  16:36  Observer  
  128  16:45  Nexus  
  128  17:10  Immortal  
  128  17:11  High Templar x2  
  128  17:14  Observer  
  128  17:15  Zealot x3, Pylon  
  136  17:16  Observer  
  136  17:19  Archon  
  142  17:33  Probe x2  
  142  17:34  Assimilator  
  142  17:36  Assimilator  
  144  17:41  Immortal  
  144  17:50  Observer  
  144  17:51  Observer  
  148  18:20  Zealot, High Templar x4  
  148  18:21  Zealot x3  
  148  18:25  Archon x2  
  148  18:26  Observer  
  164  18:28  Observer  
  164  18:30  Gravitic Drive  
  164  18:40  Protoss Ground Armor Level 3  
  164  18:45  Protoss Air Weapons Level 2  
  164  18:59  Observer  
  164  19:16  Observer x2  
  164  19:17  High Templar  
  164  19:18  Zealot x3, High Templar  
  164  19:19  Zealot  
  176  19:25  Archon  
  175  19:41  Observer  
  175  19:43  Zealot x6  
  187  19:56  Zealot x2  
  183  20:15  Zealot x3  
  183  20:16  Zealot x5  
  183  20:18  Observer  
  183  20:19  Observer x2  
  196  20:52  Nexus  
  196  20:53  Protoss Ground Weapons Level 3  
  175  21:35  Zealot  
  175  21:36  Zealot, High Templar  
  173  21:40  Zealot x5  
  177  21:56  Zealot, Immortal  
  177  21:58  Observer  
  177  21:59  Observer  
  179  22:05  High Templar x4  
  191  22:15  Archon x2  
  191  22:28  Zealot x4  
  197  22:42  High Templar  
  197  22:43  Stalker x2  
  188  22:47  Zealot  
  184  23:04  Warp Prism  
  174  23:07  Archon  
  174  23:08  High Templar x3  
  154  23:20  Zealot x3  
  154  23:21  Zealot x2  
  162  23:45  Observer  
  80  24:00  Zealot x4  
  80  24:01  Zealot x4  
  68  24:19  Stalker x3  
  68  24:20  Zealot x4  
Tags
 
Add a new tag
Caveats
  • Supply blocks, unpowered buildings, or Contaminate may cause inaccurate times.
  • Supply counts are checked every 10 seconds.